St.Louis Blues vs Minnesota North Stars

Created - Sunday, September 28, 2025 at 12:25

Goals
1 2 3 T
St.Louis Blues 2 2 2 6
Minnesota North Stars 0 3 1 4
Shots
1 2 3 T
St.Louis Blues 10 15 9 34
Minnesota North Stars 12 9 15 36

1st period

1. St.Louis Blues , Brandon Hagel 18 (Brayden Point 25, Robert Thomas 45) at 7:22
2. St.Louis Blues , Robert Thomas 24 (Jack Eichel 29) at 12:29

Penalties :
Jake Guentzel (STL) for Tripping (Minor) at 12:48, Connor Clifton (STL) for Roughing (Minor) at 16:31

2nd period

3. Minnesota North Stars , Ivan Barbashev 4 (Gustav Forsling 13, Charlie Lindgren) at 1:55
4. Minnesota North Stars , Ryan Nugent-Hopkins 10 (Valeri Nichushkin 19, Rasmus Dahlin 13) at 2:59
5. St.Louis Blues , Elias Pettersson 11 (Vincent Trocheck 13) at 3:32
6. Minnesota North Stars , Brock Nelson 11 (Neal Pionk 9) at 8:52
7. St.Louis Blues , Elias Pettersson 12 (Vincent Trocheck 14) at 10:52

Penalties :
No Penalty

3rd period

8. Minnesota North Stars , Brock Nelson 12 (William Eklund 18) at 0:10
9. St.Louis Blues , Brayden Point 18 (Mark Stone 12, Brandon Hagel 19) at 2:47
10. St.Louis Blues , Jack Eichel 25 (Robert Thomas 46, Jake Guentzel 18) at 9:46

Penalties :
Jake Guentzel (STL) for Slashing (Minor) at 5:07, Rasmus Dahlin (MNS) for Goalie Interference (Minor) at 15:21

Goalie Stats

Connor Hellebuyck (STL), 32 saves from 36 shots - (0.889), W, 24-9-2, 60:00 minutes
Charlie Lindgren (MNS), 28 saves from 34 shots - (0.824), L, 4-11-3, 60:00 minutes

Players Stats for St.Louis Blues

Player Name              G  A  P  +/- PIM S  H  SB GA TA FO     MP     PP MP  PK MP  
------------------------------------------------------------------------------------
Adam Pelech              0  0  0  -1  0   2  0  0  0  0  0/0    10:44   0:00   0:00 
Alex Tuch                0  0  0   2  0   0  0  0  0  0  0/0    12:39   0:55   0:00 
Brandon Hagel            1  1  2   0  0   7  1  1  1  0  0/0    16:19   0:55   0:00 
Brayden Point            1  1  2   0  0   2  0  0  0  0  8/16   16:38   1:22   0:00 
Colton Parayko           0  0  0   0  0   0  1  5  0  1  0/0    20:24   0:00   2:37 
Connor Clifton           0  0  0  -1  2   0  1  1  0  0  0/0    14:00   0:00   1:48 
Elias Pettersson         2  0  2   2  0   5  1  0  0  0  0/1    12:00   0:03   0:00 
Isac Lundestrom          0  0  0  -1  0   3  0  1  0  0  2/5    11:53   0:03   3:24 
Jaccob Slavin            0  0  0   3  0   1  1  3  0  0  0/0    26:48   0:00   3:20 
Jack Eichel              1  1  2   1  0   4  0  0  1  2  0/2    17:31   1:01   0:00 
Jake Guentzel            0  1  1   1  4   0  1  0  0  0  1/1    17:45   1:01   0:00 
Jake Sanderson           0  0  0   0  0   2  0  1  0  0  0/0    22:48   1:22   3:39 
Joona Koppanen           0  0  0  -1  0   1  1  0  0  0  1/1     9:09   0:00   2:33 
Logan O'Connor           0  0  0  -1  0   0  1  0  1  0  0/0    11:58   0:03   3:24 
Mark Stone               0  1  1   0  0   4  0  0  0  0  0/0    16:06   0:37   0:00 
Mikhail Sergachev        0  0  0   3  0   0  1  1  2  0  0/0    24:40   0:37   0:30 
Robert Thomas            1  2  3   1  0   3  2  0  1  1  17/25  17:31   1:01   0:00 
Vincent Trocheck         0  2  2   2  0   0  3  0  0  0  6/10   15:07   0:55   2:33 

Players Stats for Minnesota North Stars

Player Name              G  A  P  +/- PIM S  H  SB GA TA FO     MP     PP MP  PK MP  
------------------------------------------------------------------------------------
Brock Nelson             2  0  2   1  0   6  0  0  0  0  9/21   17:22   2:54   0:00 
Erik Cernak              0  0  0   1  0   0  1  2  0  1  0/0    17:26   0:00   1:05 
Evgeni Malkin            0  0  0  -1  0   0  1  1  0  0  1/6    17:22   2:54   0:00 
Frank Vatrano            0  0  0  -1  0   1  2  1  0  0  0/1    14:28   0:00   0:00 
Gustav Forsling          0  1  1  -1  0   0  2  0  0  0  0/0    22:06   2:54   1:05 
Ivan Barbashev           1  0  1  -1  0   2  0  0  0  0  0/0     6:30   0:00   0:00 
Jack Hughes              0  0  0  -1  0   1  1  2  0  1  9/19   19:11   3:03   0:00 
Jonathan Marchessault    0  0  0   1  0   2  2  0  0  0  1/3    19:31   3:03   0:02 
Kent Johnson             0  0  0  -1  0   1  1  0  2  0  0/1    15:00   0:00   0:02 
Matt Roy                 0  0  0  -2  0   1  1  2  0  2  0/0    22:01   3:03   0:54 
Mattias Janmark          0  0  0  -1  0   0  1  0  0  0  0/0     7:31   0:00   1:01 
Neal Pionk               0  1  1  -2  0   1  2  3  0  2  0/0    21:09   2:54   0:00 
Niko Mikkola             0  0  0  -1  0   0  3  1  1  0  0/0    17:55   0:00   0:54 
Rasmus Dahlin            0  1  1   1  2   0  1  1  0  0  0/0    19:36   3:03   0:00 
Ryan Nugent-Hopkins      1  0  1  -1  0   6  0  0  0  0  4/7    15:40   0:00   0:56 
Valeri Nichushkin        0  1  1  -1  0   4  0  0  1  0  0/0    19:27   3:03   0:00 
William Eklund           0  1  1   1  0   9  1  0  0  0  1/2    18:18   2:54   0:56 
William Karlsson         0  0  0  -1  0   2  0  0  0  0  1/1     7:27   0:00   1:01 

3 Stars

1 - Elias Pettersson (STL)
2 - Robert Thomas (STL)
3 - Vincent Trocheck (STL)

Power Play

St.Louis Blues - 0 on 1 Attempt(s) - 0.00%
Minnesota North Stars - 0 on 3 Attempt(s) - 0.00%

Penalty Kill

St.Louis Blues - 3 on 3 Attempt(s) - 100.00% - Score 0 goal in Penalty Kill
Minnesota North Stars - 1 on 1 Attempt(s) - 100.00% - Score 0 goal in Penalty Kill

Team Stat

St.Louis Blues - Hits : 14 - Faceoff Wins : 35 - Blocked Shots : 13 - Penalty Minutes : 6
Minnesota North Stars - Hits : 19 - Faceoff Wins : 26 - Blocked Shots : 13 - Penalty Minutes : 2

Official

Referees : Corey Syvret and Pierre Lambert
Linesman : Kyle Flemington and James Tobias

Game Notes

No Game Note

Finance

Level 1 -- Attendance: 5473 (91.22%) -- Ticket Income $514,462
Level 2 -- Attendance: 4653 (93.06%) -- Ticket Income $260,568
Level 3 -- Attendance: 2675 (89.17%) -- Ticket Income $85,600
Level 4 -- Attendance: 5000 (100.00%) -- Ticket Income $110,000
Luxury Box -- Attendance: 950 (95.00%) -- Ticket Income $183,350
Game was played at the Met Center.
Total Attendance: 18751 (93.76%)
Total Ticket Income: $1,153,980
Other Income: $403,893
Total Income: $1,557,873

St.Louis Blues

5 vs 5 Forward 
   Center                   Left Wing                Right Wing               Time % Phy DF OF 
 1 Robert Thomas            Jack Eichel              Jake Guentzel            35     0   2  3  
 2 Brayden Point            Brandon Hagel            Mark Stone               35     0   2  3  
 3 Vincent Trocheck         Elias Pettersson         Alex Tuch                25     1   2  2  
 4 Isac Lundestrom          Joona Koppanen           Logan O'Connor           5      1   3  1  

5 vs 5 Defense 
   Defense                  Defense                                           Time % Phy DF OF 
 1 Mikhail Sergachev        Jaccob Slavin                                     45     1   2  2  
 2 Jake Sanderson           Colton Parayko                                    35     1   2  2  
 3 Adam Pelech              Connor Clifton                                    20     1   3  1  
 4 Mikhail Sergachev        Jaccob Slavin                                     0      1   2  2  

PowerPlay Forward 
   Center                   Left Wing                Right Wing               Time % Phy DF OF 
 1 Robert Thomas            Jack Eichel              Jake Guentzel            60     1   0  4  
 2 Vincent Trocheck         Brandon Hagel            Alex Tuch                40     1   0  4  

PowerPlay Defense
   Defense                  Defense                                           Time % Phy DF OF 
 1 Brayden Point            Jake Sanderson                                    60     0   1  4  
 2 Mark Stone               Mikhail Sergachev                                 40     0   1  4  

Penalty Kill 4 Players Forward 
   Center                   Wing                     Time % Phy DF OF 
 1 Vincent Trocheck         Joona Koppanen           50     2   3  0  
 2 Isac Lundestrom          Logan O'Connor           50     1   4  0  

Penalty Kill 4 Players Defense
   Defense                  Defense                  Time % Phy DF OF 
 1 Jaccob Slavin            Connor Clifton           50     1   4  0  
 2 Jake Sanderson           Colton Parayko           50     1   4  0  

Penalty Kill - 3 Players Forward 
   Forward                                           Time % Phy DF OF 
 1 Vincent Trocheck                                  50     0   5  0  
 2 Isac Lundestrom                                   50     0   5  0  

Penalty Kill - 3 Players Defense
   Defense                  Defense                  Time % Phy DF OF 
 1 Jaccob Slavin            Connor Clifton           50     0   5  0  
 2 Jake Sanderson           Colton Parayko           50     0   5  0  

4 vs 4 Forward 
   Center                   Wing                     Time % Phy DF OF 
 1 Jack Eichel              Brayden Point            50     0   2  3  
 2 Robert Thomas            Jake Guentzel            50     0   2  3  

4 vs 4 Defense
   Defense                  Defense                  Time % Phy DF OF 
 1 Jake Sanderson           Mikhail Sergachev        50     0   3  2  
 2 Colton Parayko           Jaccob Slavin            50     0   3  2  

Last Minutes Offensive
   Center                   Left Wing                Right Wing               Defense                  Defense                  
   Robert Thomas            Jack Eichel              Jake Guentzel            Brayden Point            Mikhail Sergachev        

Last Minutes Defensive
   Center                   Left Wing                Right Wing               Defense                  Defense                  
   Vincent Trocheck         Isac Lundestrom          Logan O'Connor           Jake Sanderson           Jaccob Slavin            

Goaltenders
Starting : Connor Hellebuyck        
Backup : Scott Wedgewood          

Extra Forwards
Normal : Brandon Hagel, Jake Guentzel, Alex Tuch - PP : Vincent Trocheck, Brayden Point - PK : Jack Eichel
Extra Defensemen
Normal : Jake Sanderson, Mikhail Sergachev, Colton Parayko - PP : Jake Sanderson - PK : Jaccob Slavin, Jake Sanderson
Penalty Shots
Vincent Trocheck, Jack Eichel, Brayden Point, Jake Guentzel, Brandon Hagel

Scratches
Artem Zub (Healthy), Luke Glendening (Healthy), Yanni Gourde (Healthy)

Minnesota North Stars

5 vs 5 Forward 
   Center                   Left Wing                Right Wing               Time % Phy DF OF 
 1 Ryan Nugent-Hopkins      Kent Johnson             Valeri Nichushkin        32     0   2  3  
 2 Jack Hughes              Evgeni Malkin            Frank Vatrano            31     0   2  3  
 3 Brock Nelson             William Eklund           Jonathan Marchessault    31     0   2  3  
 4 William Karlsson         Ivan Barbashev           Mattias Janmark          6      0   4  1  

5 vs 5 Defense 
   Defense                  Defense                                           Time % Phy DF OF 
 1 Neal Pionk               Matt Roy                                          34     1   2  2  
 2 Rasmus Dahlin            Erik Cernak                                       33     1   2  2  
 3 Gustav Forsling          Niko Mikkola                                      33     1   3  1  
 4 Rasmus Dahlin            Matt Roy                                          0      0   3  2  

PowerPlay Forward 
   Center                   Left Wing                Right Wing               Time % Phy DF OF 
 1 Jack Hughes              Jonathan Marchessault    Valeri Nichushkin        50     0   1  4  
 2 Evgeni Malkin            Brock Nelson             William Eklund           50     0   1  4  

PowerPlay Defense
   Defense                  Defense                                           Time % Phy DF OF 
 1 Rasmus Dahlin            Matt Roy                                          50     0   2  3  
 2 Gustav Forsling          Neal Pionk                                        50     0   2  3  

Penalty Kill 4 Players Forward 
   Center                   Wing                     Time % Phy DF OF 
 1 Ryan Nugent-Hopkins      William Eklund           50     0   5  0  
 2 William Karlsson         Mattias Janmark          50     0   5  0  

Penalty Kill 4 Players Defense
   Defense                  Defense                  Time % Phy DF OF 
 1 Erik Cernak              Gustav Forsling          50     0   5  0  
 2 Matt Roy                 Niko Mikkola             50     0   5  0  

Penalty Kill - 3 Players Forward 
   Forward                                           Time % Phy DF OF 
 1 Ryan Nugent-Hopkins                               50     0   5  0  
 2 Mattias Janmark                                   50     0   5  0  

Penalty Kill - 3 Players Defense
   Defense                  Defense                  Time % Phy DF OF 
 1 Matt Roy                 Erik Cernak              50     0   5  0  
 2 Gustav Forsling          Niko Mikkola             50     0   5  0  

4 vs 4 Forward 
   Center                   Wing                     Time % Phy DF OF 
 1 Jack Hughes              Valeri Nichushkin        50     1   1  3  
 2 Evgeni Malkin            William Eklund           50     1   1  3  

4 vs 4 Defense
   Defense                  Defense                  Time % Phy DF OF 
 1 Rasmus Dahlin            Neal Pionk               50     1   3  1  
 2 Gustav Forsling          Niko Mikkola             50     1   3  1  

Last Minutes Offensive
   Center                   Left Wing                Right Wing               Defense                  Defense                  
   Jack Hughes              Jonathan Marchessault    Valeri Nichushkin        Rasmus Dahlin            Gustav Forsling          

Last Minutes Defensive
   Center                   Left Wing                Right Wing               Defense                  Defense                  
   Ryan Nugent-Hopkins      Mattias Janmark          Valeri Nichushkin        Erik Cernak              Gustav Forsling          

Goaltenders
Starting : Charlie Lindgren         
Backup : Logan Thompson           

Extra Forwards
Normal : William Eklund, Ivan Barbashev, Jonathan Marchessault - PP : William Eklund, Jonathan Marchessault - PK : Jonathan Marchessault
Extra Defensemen
Normal : Neal Pionk, Niko Mikkola, Gustav Forsling - PP : Neal Pionk - PK : Niko Mikkola, Gustav Forsling
Penalty Shots
William Eklund, Jonathan Marchessault, Valeri Nichushkin, Evgeni Malkin, Ryan Nugent-Hopkins

Scratches
Lawson Crouse (Healthy), Dylan DeMelo (Healthy)

% Time on Ice - St.Louis Blues

Lines # - Real PCT - Wanted PCT - Time Play
Normal Forward
1 - 32% - 35% - 16:40
2 - 33% - 35% - 17:09
3 - 22% - 25% - 11:39
4 - 13% - 5% - 6:36
Normal Defense
1 - 45% - 45% - 23:28
2 - 34% - 35% - 17:52
3 - 21% - 20% - 10:44
4 - 0% - 0% - 0:00
PP Forward
1 - 54% - 60% - 1:04
2 - 46% - 40% - 0:55
PP Defense
1 - 69% - 60% - 1:22
2 - 31% - 40% - 0:37
PK Forward
1 - 43% - 50% - 2:33
2 - 57% - 50% - 3:24
PK Defense
1 - 56% - 50% - 3:20
2 - 44% - 50% - 2:37
PK3 Forward
1 - 0% - 50%
2 - 0% - 50%
PK3 Defense
1 - 0% - 50%
2 - 0% - 50%
44 Forward
1 - 0% - 50%
2 - 0% - 50%
44 Defense
1 - 0% - 50%
2 - 0% - 50%
Last Minute Offensive  - 0:00
Last Minute Defensive  - 0:00
Total
Forward - 60:00
Defense - 60:00

% Time on Ice - Minnesota North Stars

Lines # - Real PCT - Wanted PCT - Time Play
Normal Forward
1 - 32% - 32% - 16:42
2 - 28% - 31% - 14:28
3 - 28% - 31% - 14:28
4 - 12% - 6% - 6:26
Normal Defense
1 - 36% - 34% - 18:32
2 - 32% - 33% - 16:31
3 - 33% - 33% - 17:01
4 - 0% - 0% - 0:00
PP Forward
1 - 51% - 50% - 3:03
2 - 49% - 50% - 2:54
PP Defense
1 - 51% - 50% - 3:03
2 - 49% - 50% - 2:54
PK Forward
1 - 49% - 50% - 0:58
2 - 51% - 50% - 1:01
PK Defense
1 - 55% - 50% - 1:05
2 - 45% - 50% - 0:54
PK3 Forward
1 - 0% - 50%
2 - 0% - 50%
PK3 Defense
1 - 0% - 50%
2 - 0% - 50%
44 Forward
1 - 0% - 50%
2 - 0% - 50%
44 Defense
1 - 0% - 50%
2 - 0% - 50%
Last Minute Offensive  - 0:00
Last Minute Defensive  - 0:00
Total
Forward - 60:00
Defense - 60:00

Play-by-Play

1st period


0:01 of 1st period - Ryan Nugent-Hopkins wins face-off versus Robert Thomas in neutral zone.
0:13 of 1st period - Snap shot by Ryan Nugent-Hopkins.
0:13 of 1st period - Stopped by Connor Hellebuyck without a rebound.
0:14 of 1st period - Brayden Point wins face-off versus Jack Hughes in St.Louis Blues zone.
0:14 of 1st period - Brayden Point is hit by Rasmus Dahlin.
0:23 of 1st period - Wrist shot by Brayden Point.
0:23 of 1st period - Stopped by Charlie Lindgren with a rebound.
1:29 of 1st period - Slapshot by Jake Sanderson.
1:29 of 1st period - Stopped by Charlie Lindgren without a rebound.
1:30 of 1st period - Brayden Point wins face-off versus Brock Nelson in Minnesota North Stars zone.
1:31 of 1st period - Wrist shot by Brandon Hagel.
1:31 of 1st period - Shot Blocked by Neal Pionk.
1:33 of 1st period - Slapshot by Mikhail Sergachev.
1:33 of 1st period - Shot Blocked by Matt Roy.
1:39 of 1st period - Wrist shot by Brandon Hagel.
1:39 of 1st period - Shot Blocked by Matt Roy.
2:19 of 1st period - Niko Mikkola is hit by Vincent Trocheck and loses puck.
2:33 of 1st period - Niko Mikkola is hit by Vincent Trocheck and loses puck.
3:22 of 1st period - Snap shot by Brayden Point.
3:22 of 1st period - Shot Misses the Net.
3:24 of 1st period - Slapshot by Brandon Hagel.
3:24 of 1st period - Shot Misses the Net.
3:26 of 1st period - Snap shot by Brandon Hagel.
3:26 of 1st period - Shot Misses the Net.
3:28 of 1st period - Slapshot by Mikhail Sergachev.
3:28 of 1st period - Shot Blocked by Niko Mikkola.
3:30 of 1st period - Wrist shot by Brandon Hagel.
3:30 of 1st period - Shot Misses the Net.
3:48 of 1st period - Snap shot by Ryan Nugent-Hopkins.
3:48 of 1st period - Stopped by Connor Hellebuyck with a rebound.
4:08 of 1st period - Wrist shot by Brandon Hagel.
4:08 of 1st period - Stopped by Charlie Lindgren without a rebound.
4:09 of 1st period - Robert Thomas wins face-off versus Jack Hughes in Minnesota North Stars zone.
4:14 of 1st period - Wrist shot by Robert Thomas.
4:14 of 1st period - Shot Blocked by Erik Cernak.
4:28 of 1st period - Jack Eichel is hit by Frank Vatrano.
5:22 of 1st period - Snap shot by Vincent Trocheck.
5:22 of 1st period - Shot Misses the Net.
5:24 of 1st period - Slapshot by Adam Pelech.
5:24 of 1st period - Stopped by Charlie Lindgren with a rebound.
5:26 of 1st period - Slapshot by Adam Pelech.
5:26 of 1st period - Stopped by Charlie Lindgren without a rebound.
5:27 of 1st period - William Eklund wins face-off versus Robert Thomas in Minnesota North Stars zone.
6:03 of 1st period - Snap shot by Jack Hughes.
6:03 of 1st period - Shot Blocked by Colton Parayko.
6:09 of 1st period - Neal Pionk is hit by Joona Koppanen and loses puck.
6:41 of 1st period - Snap shot by Jack Hughes.
6:41 of 1st period - Shot Misses the Net.
6:43 of 1st period - Snap shot by Matt Roy.
6:43 of 1st period - Deflect By Evgeni Malkin.
6:43 of 1st period - Shot Misses the Net.
6:43 of 1st period - Puck is out of play.
6:44 of 1st period - Brock Nelson wins face-off versus Robert Thomas in St.Louis Blues zone.
6:45 of 1st period - Slapshot by Jonathan Marchessault.
6:45 of 1st period - Shot Misses the Net.
7:22 of 1st period - Slapshot by Brandon Hagel.
7:22 of 1st period - Goal by Brandon Hagel - St.Louis Blues : 1 - Minnesota North Stars : 0.
7:23 of 1st period - Robert Thomas wins face-off versus Brock Nelson in neutral zone.
7:30 of 1st period - Snap shot by Brock Nelson.
7:30 of 1st period - Stopped by Connor Hellebuyck without a rebound.
7:31 of 1st period - Robert Thomas wins face-off versus Brock Nelson in St.Louis Blues zone.
7:52 of 1st period - Snap shot by Jonathan Marchessault.
7:52 of 1st period - Deflect By William Eklund.
7:52 of 1st period - Stopped by Connor Hellebuyck without a rebound.
7:53 of 1st period - Brayden Point wins face-off versus Evgeni Malkin in St.Louis Blues zone.
8:26 of 1st period - Wrist shot by Jack Eichel.
8:26 of 1st period - Stopped by Charlie Lindgren without a rebound.
8:27 of 1st period - Brock Nelson wins face-off versus Vincent Trocheck in Minnesota North Stars zone.
8:42 of 1st period - Snap shot by Brock Nelson.
8:42 of 1st period - Stopped by Connor Hellebuyck without a rebound.
8:43 of 1st period - Ryan Nugent-Hopkins wins face-off versus Brayden Point in St.Louis Blues zone.
9:00 of 1st period - Wrist shot by Brandon Hagel.
9:00 of 1st period - Stopped by Charlie Lindgren without a rebound.
9:01 of 1st period - Jack Hughes wins face-off versus Jack Eichel in Minnesota North Stars zone.
9:01 of 1st period - Jack Hughes is hit by Jake Guentzel.
9:13 of 1st period - Slapshot by Jack Hughes.
9:13 of 1st period - Shot Misses the Net.
9:15 of 1st period - Snap shot by Frank Vatrano.
9:15 of 1st period - Shot Misses the Net.
9:40 of 1st period - Slapshot by Alex Tuch.
9:40 of 1st period - Shot Misses the Net.
9:46 of 1st period - Niko Mikkola is hit by Colton Parayko and loses puck.
9:53 of 1st period - Vincent Trocheck is hit by Niko Mikkola.
9:54 of 1st period - Icing by Vincent Trocheck.
9:55 of 1st period - Vincent Trocheck wins face-off versus Ryan Nugent-Hopkins in St.Louis Blues zone.
10:06 of 1st period - Slapshot by Ryan Nugent-Hopkins.
10:06 of 1st period - Deflect By Kent Johnson.
10:06 of 1st period - Stopped by Connor Hellebuyck with a rebound.
10:10 of 1st period - Wrist shot by Valeri Nichushkin.
10:10 of 1st period - Stopped by Connor Hellebuyck with a rebound.
10:12 of 1st period - Snap shot by Ryan Nugent-Hopkins.
10:12 of 1st period - Stopped by Connor Hellebuyck with a rebound.
10:22 of 1st period - Mikhail Sergachev is hit by Evgeni Malkin.
10:26 of 1st period - Wrist shot by Brayden Point.
10:26 of 1st period - Shot Blocked by Jack Hughes.
10:32 of 1st period - Slapshot by Jack Hughes.
10:32 of 1st period - Shot Blocked by Connor Clifton.
10:54 of 1st period - Wrist shot by Brock Nelson.
10:54 of 1st period - Stopped by Connor Hellebuyck without a rebound.
10:55 of 1st period - Robert Thomas wins face-off versus Ryan Nugent-Hopkins in St.Louis Blues zone.
10:57 of 1st period - Icing by Jack Eichel.
10:58 of 1st period - Jake Guentzel wins face-off versus Kent Johnson in St.Louis Blues zone.
12:17 of 1st period - Snap shot by Logan O'Connor.
12:17 of 1st period - Shot Misses the Net.
12:29 of 1st period - Slapshot by Robert Thomas.
12:29 of 1st period - Goal by Robert Thomas - St.Louis Blues : 2 - Minnesota North Stars : 0.
12:30 of 1st period - Ryan Nugent-Hopkins wins face-off versus Robert Thomas in neutral zone.
12:48 of 1st period - Minor Penalty to Jake Guentzel for Tripping.
12:49 of 1st period - Jack Hughes wins face-off versus Vincent Trocheck in St.Louis Blues zone.
13:15 of 1st period - Logan O'Connor is hit by William Eklund and loses puck.
13:39 of 1st period - Icing by Neal Pionk.
13:40 of 1st period - Vincent Trocheck wins face-off versus Jack Hughes in Minnesota North Stars zone.
14:08 of 1st period - Wrist shot by Isac Lundestrom.
14:08 of 1st period - Stopped by Charlie Lindgren with a rebound.
14:10 of 1st period - Slapshot by Connor Clifton.
14:10 of 1st period - Shot Blocked by Neal Pionk.
14:12 of 1st period - Snap shot by Isac Lundestrom.
14:12 of 1st period - Shot Blocked by Evgeni Malkin.
14:48 of 1st period - Penalty to Jake Guentzel is over, Jake Guentzel is back on ice.
15:38 of 1st period - Slapshot by Elias Pettersson.
15:38 of 1st period - Shot Misses the Net.
16:28 of 1st period - Snap shot by Brock Nelson.
16:28 of 1st period - Deflect By Jonathan Marchessault.
16:28 of 1st period - Deflect By Mikhail Sergachev.
16:28 of 1st period - Stopped by Connor Hellebuyck without a rebound.
16:29 of 1st period - Robert Thomas wins face-off versus Brock Nelson in St.Louis Blues zone.
16:31 of 1st period - Minor Penalty to Connor Clifton for Roughing.
16:32 of 1st period - Isac Lundestrom wins face-off versus Evgeni Malkin in St.Louis Blues zone.
17:02 of 1st period - Wrist shot by Jack Hughes.
17:02 of 1st period - Stopped by Connor Hellebuyck without a rebound.
17:03 of 1st period - Jack Hughes wins face-off versus Isac Lundestrom in St.Louis Blues zone.
17:33 of 1st period - Off-side.
17:34 of 1st period - Vincent Trocheck wins face-off versus Evgeni Malkin in neutral zone.
17:59 of 1st period - Jonathan Marchessault is hit by Mikhail Sergachev and loses puck.
18:03 of 1st period - Icing by Rasmus Dahlin.
18:04 of 1st period - Jack Hughes wins face-off versus Isac Lundestrom in Minnesota North Stars zone.
18:09 of 1st period - Logan O'Connor is hit by Neal Pionk and loses puck.
18:24 of 1st period - Wrist shot by Valeri Nichushkin.
18:24 of 1st period - Shot Misses the Net.
18:31 of 1st period - Penalty to Connor Clifton is over, Connor Clifton is back on ice.
18:56 of 1st period - Snap shot by Valeri Nichushkin.
18:56 of 1st period - Stopped by Connor Hellebuyck with a rebound.
18:58 of 1st period - Snap shot by Jack Hughes.
18:58 of 1st period - Shot Misses the Net.
19:12 of 1st period - Snap shot by Jonathan Marchessault.
19:12 of 1st period - Shot Blocked by Colton Parayko.
19:39 of 1st period - Slapshot by Jake Sanderson.
19:39 of 1st period - Shot Blocked by Jack Hughes.
19:50 of 1st period - Jaccob Slavin is hit by Jonathan Marchessault.
19:56 of 1st period - Mikhail Sergachev is hit by Jonathan Marchessault and loses puck.
Goals for this period are 2 for St.Louis Blues vs 0 for Minnesota North Stars.
Shots for this period are 10 for St.Louis Blues vs 12 for Minnesota North Stars.

2nd period


0:01 of 2nd period - Robert Thomas wins face-off versus Brock Nelson in neutral zone.
0:16 of 2nd period - Slapshot by William Eklund.
0:16 of 2nd period - Shot Blocked by Mikhail Sergachev.
0:28 of 2nd period - Matt Roy is hit by Elias Pettersson and loses puck.
0:33 of 2nd period - Wrist shot by Vincent Trocheck.
0:33 of 2nd period - Shot Misses the Net.
1:33 of 2nd period - Connor Clifton is hit by Mattias Janmark.
1:43 of 2nd period - Snap shot by Vincent Trocheck.
1:43 of 2nd period - Shot Misses the Net.
1:55 of 2nd period - Snap shot by Ivan Barbashev.
1:55 of 2nd period - Goal by Ivan Barbashev - St.Louis Blues : 2 - Minnesota North Stars : 1.
1:56 of 2nd period - Robert Thomas wins face-off versus Brock Nelson in neutral zone.
2:03 of 2nd period - Slapshot by Robert Thomas.
2:03 of 2nd period - Shot Misses the Net.
2:27 of 2nd period - Wrist shot by Elias Pettersson.
2:27 of 2nd period - Shot Misses the Net.
2:59 of 2nd period - Slapshot by Ryan Nugent-Hopkins.
2:59 of 2nd period - Goal by Ryan Nugent-Hopkins - St.Louis Blues : 2 - Minnesota North Stars : 2.
3:00 of 2nd period - Robert Thomas wins face-off versus William Eklund in neutral zone.
3:15 of 2nd period - Snap shot by William Eklund.
3:15 of 2nd period - Stopped by Connor Hellebuyck with a rebound.
3:32 of 2nd period - Slapshot by Elias Pettersson.
3:32 of 2nd period - Goal by Elias Pettersson - St.Louis Blues : 3 - Minnesota North Stars : 2.
3:33 of 2nd period - Brock Nelson wins face-off versus Robert Thomas in neutral zone.
3:48 of 2nd period - Wrist shot by William Eklund.
3:48 of 2nd period - Stopped by Connor Hellebuyck without a rebound.
3:49 of 2nd period - Jack Hughes wins face-off versus Brayden Point in St.Louis Blues zone.
3:50 of 2nd period - Backhand shot by Frank Vatrano.
3:50 of 2nd period - Stopped by Connor Hellebuyck without a rebound.
3:51 of 2nd period - Brayden Point wins face-off versus Jack Hughes in St.Louis Blues zone.
4:10 of 2nd period - Jaccob Slavin is hit by Gustav Forsling.
4:56 of 2nd period - Elias Pettersson is hit by Niko Mikkola and loses puck.
5:19 of 2nd period - Snap shot by William Karlsson.
5:19 of 2nd period - Stopped by Connor Hellebuyck with a rebound.
5:29 of 2nd period - Colton Parayko is hit by Jack Hughes and loses puck.
5:48 of 2nd period - Wrist shot by Jake Sanderson.
5:48 of 2nd period - Shot Misses the Net.
5:50 of 2nd period - Snap shot by Isac Lundestrom.
5:50 of 2nd period - Shot Misses the Net.
5:52 of 2nd period - Wrist shot by Joona Koppanen.
5:52 of 2nd period - Stopped by Charlie Lindgren without a rebound.
5:53 of 2nd period - Robert Thomas wins face-off versus Brock Nelson in Minnesota North Stars zone.
6:04 of 2nd period - Wrist shot by Robert Thomas.
6:04 of 2nd period - Shot Misses the Net.
6:59 of 2nd period - Vincent Trocheck is hit by Erik Cernak.
7:43 of 2nd period - Slapshot by Mikhail Sergachev.
7:43 of 2nd period - Deflect By Isac Lundestrom.
7:43 of 2nd period - Stopped by Charlie Lindgren with a rebound.
8:04 of 2nd period - Snap shot by Brayden Point.
8:04 of 2nd period - Shot Misses the Net.
8:27 of 2nd period - Slapshot by Matt Roy.
8:27 of 2nd period - Shot Blocked by Colton Parayko.
8:45 of 2nd period - Joona Koppanen is hit by Matt Roy and loses puck.
8:52 of 2nd period - Snap shot by Brock Nelson.
8:52 of 2nd period - Goal by Brock Nelson - St.Louis Blues : 3 - Minnesota North Stars : 3.
8:53 of 2nd period - Robert Thomas wins face-off versus Jack Hughes in neutral zone.
9:20 of 2nd period - Mikhail Sergachev is hit by Neal Pionk and loses puck.
9:44 of 2nd period - Off-side.
9:45 of 2nd period - Vincent Trocheck wins face-off versus Ryan Nugent-Hopkins in neutral zone.
9:54 of 2nd period - Wrist shot by Vincent Trocheck.
9:54 of 2nd period - Shot Blocked by Erik Cernak.
10:31 of 2nd period - Jaccob Slavin is hit by Gustav Forsling and loses puck.
10:40 of 2nd period - Snap shot by Valeri Nichushkin.
10:40 of 2nd period - Shot Misses the Net.
10:52 of 2nd period - Snap shot by Elias Pettersson.
10:52 of 2nd period - Goal by Elias Pettersson - St.Louis Blues : 4 - Minnesota North Stars : 3.
10:53 of 2nd period - Robert Thomas wins face-off versus Jack Hughes in neutral zone.
11:02 of 2nd period - Slapshot by Colton Parayko.
11:02 of 2nd period - Shot Blocked by Rasmus Dahlin.
12:24 of 2nd period - Snap shot by Jonathan Marchessault.
12:24 of 2nd period - Shot Blocked by Jaccob Slavin.
12:26 of 2nd period - Wrist shot by William Eklund.
12:26 of 2nd period - Shot Misses the Net.
12:57 of 2nd period - Valeri Nichushkin is hit by Jaccob Slavin.
13:08 of 2nd period - Slapshot by Jake Sanderson.
13:08 of 2nd period - Stopped by Charlie Lindgren without a rebound.
13:09 of 2nd period - Robert Thomas wins face-off versus Frank Vatrano in Minnesota North Stars zone.
13:12 of 2nd period - Snap shot by Robert Thomas.
13:12 of 2nd period - Stopped by Charlie Lindgren without a rebound.
13:13 of 2nd period - Robert Thomas wins face-off versus Jack Hughes in Minnesota North Stars zone.
13:28 of 2nd period - Wrist shot by Evgeni Malkin.
13:28 of 2nd period - Shot Misses the Net.
13:30 of 2nd period - Slapshot by Matt Roy.
13:30 of 2nd period - Shot Blocked by Jake Sanderson.
13:48 of 2nd period - Slapshot by Neal Pionk.
13:48 of 2nd period - Shot Blocked by Colton Parayko.
14:00 of 2nd period - Snap shot by Elias Pettersson.
14:00 of 2nd period - Deflect By Valeri Nichushkin.
14:00 of 2nd period - Stopped by Charlie Lindgren with a rebound.
14:50 of 2nd period - Jack Hughes is hit by Robert Thomas and loses puck.
14:55 of 2nd period - Wrist shot by Robert Thomas.
14:55 of 2nd period - Stopped by Charlie Lindgren with a rebound.
15:39 of 2nd period - Snap shot by Brandon Hagel.
15:39 of 2nd period - Stopped by Charlie Lindgren with a rebound.
15:41 of 2nd period - Wrist shot by Brandon Hagel.
15:41 of 2nd period - Stopped by Charlie Lindgren with a rebound.
15:43 of 2nd period - Snap shot by Mark Stone.
15:43 of 2nd period - Stopped by Charlie Lindgren without a rebound.
15:44 of 2nd period - Jack Hughes wins face-off versus Robert Thomas in Minnesota North Stars zone.
17:01 of 2nd period - Snap shot by Jack Eichel.
17:01 of 2nd period - Stopped by Charlie Lindgren with a rebound.
17:31 of 2nd period - Robert Thomas is hit by Niko Mikkola and loses puck.
18:15 of 2nd period - Snap shot by Ryan Nugent-Hopkins.
18:15 of 2nd period - Stopped by Connor Hellebuyck without a rebound.
18:16 of 2nd period - Brock Nelson wins face-off versus Brayden Point in St.Louis Blues zone.
18:27 of 2nd period - Slapshot by William Eklund.
18:27 of 2nd period - Stopped by Connor Hellebuyck without a rebound.
18:28 of 2nd period - Brayden Point wins face-off versus Jack Hughes in St.Louis Blues zone.
18:33 of 2nd period - Snap shot by Mark Stone.
18:33 of 2nd period - Stopped by Charlie Lindgren with a rebound.
18:35 of 2nd period - Snap shot by Mark Stone.
18:35 of 2nd period - Stopped by Charlie Lindgren with a rebound.
18:37 of 2nd period - Wrist shot by Mark Stone.
18:37 of 2nd period - Stopped by Charlie Lindgren with a rebound.
19:03 of 2nd period - Slapshot by Brock Nelson.
19:03 of 2nd period - Shot Misses the Net.
Goals for this period are 2 for St.Louis Blues vs 3 for Minnesota North Stars.
Shots for this period are 15 for St.Louis Blues vs 9 for Minnesota North Stars.

3rd period


0:01 of 3rd period - Brock Nelson wins face-off versus Brayden Point in neutral zone.
0:10 of 3rd period - Wrist shot by Brock Nelson.
0:10 of 3rd period - Goal by Brock Nelson - St.Louis Blues : 4 - Minnesota North Stars : 4.
0:11 of 3rd period - Brock Nelson wins face-off versus Brayden Point in neutral zone.
0:21 of 3rd period - Wrist shot by William Eklund.
0:21 of 3rd period - Stopped by Connor Hellebuyck with a rebound.
0:23 of 3rd period - Wrist shot by Brock Nelson.
0:23 of 3rd period - Stopped by Connor Hellebuyck without a rebound.
0:24 of 3rd period - Jack Hughes wins face-off versus Brayden Point in St.Louis Blues zone.
1:15 of 3rd period - Valeri Nichushkin is hit by Connor Clifton and loses puck.
2:15 of 3rd period - Brandon Hagel is hit by Frank Vatrano and loses puck.
2:26 of 3rd period - Gustav Forsling is hit by Brandon Hagel and loses puck.
2:47 of 3rd period - Wrist shot by Mark Stone.
2:47 of 3rd period - Deflect By Brayden Point.
2:47 of 3rd period - Goal by Brayden Point - St.Louis Blues : 5 - Minnesota North Stars : 4.
2:48 of 3rd period - Brock Nelson wins face-off versus Jack Eichel in neutral zone.
3:15 of 3rd period - Valeri Nichushkin is hit by Vincent Trocheck and loses puck.
3:49 of 3rd period - Wrist shot by Ryan Nugent-Hopkins.
3:49 of 3rd period - Shot Blocked by Brandon Hagel.
4:03 of 3rd period - Jake Sanderson is hit by Kent Johnson and loses puck.
4:09 of 3rd period - Off-side.
4:10 of 3rd period - Robert Thomas wins face-off versus Brock Nelson in neutral zone.
4:25 of 3rd period - Slapshot by Brock Nelson.
4:25 of 3rd period - Deflect By William Eklund.
4:25 of 3rd period - Stopped by Connor Hellebuyck without a rebound.
4:26 of 3rd period - Brayden Point wins face-off versus Jack Hughes in St.Louis Blues zone.
4:33 of 3rd period - Snap shot by Brandon Hagel.
4:33 of 3rd period - Shot Blocked by Frank Vatrano.
4:39 of 3rd period - Wrist shot by Brandon Hagel.
4:39 of 3rd period - Stopped by Charlie Lindgren with a rebound.
4:41 of 3rd period - Wrist shot by Mark Stone.
4:41 of 3rd period - Deflect By Brayden Point.
4:41 of 3rd period - Shot Misses the Net.
4:41 of 3rd period - Puck is out of play.
4:42 of 3rd period - Robert Thomas wins face-off versus Brock Nelson in Minnesota North Stars zone.
4:53 of 3rd period - Wrist shot by Jack Eichel.
4:53 of 3rd period - Stopped by Charlie Lindgren with a rebound.
5:07 of 3rd period - Minor Penalty to Jake Guentzel for Slashing.
5:08 of 3rd period - Vincent Trocheck wins face-off versus Evgeni Malkin in St.Louis Blues zone.
5:23 of 3rd period - Wrist shot by William Eklund.
5:23 of 3rd period - Stopped by Connor Hellebuyck without a rebound.
5:24 of 3rd period - Jonathan Marchessault wins face-off versus Vincent Trocheck in St.Louis Blues zone.
5:27 of 3rd period - Snap shot by Valeri Nichushkin.
5:27 of 3rd period - Stopped by Connor Hellebuyck with a rebound.
6:03 of 3rd period - Off-side.
6:04 of 3rd period - Isac Lundestrom wins face-off versus Jonathan Marchessault in neutral zone.
6:07 of 3rd period - Slapshot by Logan O'Connor.
6:07 of 3rd period - Shot Blocked by Neal Pionk.
6:34 of 3rd period - Wrist shot by William Eklund.
6:34 of 3rd period - Deflect By Brock Nelson.
6:34 of 3rd period - Shot Misses the Net.
6:34 of 3rd period - Puck is out of play.
6:35 of 3rd period - Evgeni Malkin wins face-off versus Vincent Trocheck in St.Louis Blues zone.
6:42 of 3rd period - Wrist shot by Brock Nelson.
6:42 of 3rd period - Shot Blocked by Colton Parayko.
6:44 of 3rd period - Slapshot by Matt Roy.
6:44 of 3rd period - Deflect By Vincent Trocheck.
6:44 of 3rd period - Stopped by Connor Hellebuyck without a rebound.
6:45 of 3rd period - Joona Koppanen wins face-off versus Evgeni Malkin in St.Louis Blues zone.
6:55 of 3rd period - Off-side.
6:56 of 3rd period - Jack Hughes wins face-off versus Isac Lundestrom in neutral zone.
7:07 of 3rd period - Penalty to Jake Guentzel is over, Jake Guentzel is back on ice.
7:13 of 3rd period - Snap shot by Valeri Nichushkin.
7:13 of 3rd period - Stopped by Connor Hellebuyck with a rebound.
7:44 of 3rd period - Off-side.
7:45 of 3rd period - Vincent Trocheck wins face-off versus Jack Hughes in neutral zone.
7:59 of 3rd period - Slapshot by Jaccob Slavin.
7:59 of 3rd period - Stopped by Charlie Lindgren with a rebound.
8:01 of 3rd period - Backhand shot by Elias Pettersson.
8:01 of 3rd period - Stopped by Charlie Lindgren with a rebound.
9:44 of 3rd period - Wrist shot by Robert Thomas.
9:44 of 3rd period - Shot Misses the Net.
9:46 of 3rd period - Snap shot by Jack Eichel.
9:46 of 3rd period - Goal by Jack Eichel - St.Louis Blues : 6 - Minnesota North Stars : 4.
9:47 of 3rd period - Robert Thomas wins face-off versus Brock Nelson in neutral zone.
10:16 of 3rd period - Snap shot by Brandon Hagel.
10:16 of 3rd period - Shot Misses the Net.
10:20 of 3rd period - Wrist shot by Brandon Hagel.
10:20 of 3rd period - Stopped by Charlie Lindgren without a rebound.
10:21 of 3rd period - Jack Hughes wins face-off versus Brayden Point in Minnesota North Stars zone.
11:29 of 3rd period - Slapshot by Ivan Barbashev.
11:29 of 3rd period - Shot Blocked by Isac Lundestrom.
11:31 of 3rd period - Wrist shot by Matt Roy.
11:31 of 3rd period - Shot Misses the Net.
11:33 of 3rd period - Snap shot by Ivan Barbashev.
11:33 of 3rd period - Stopped by Connor Hellebuyck without a rebound.
11:34 of 3rd period - William Karlsson wins face-off versus Robert Thomas in St.Louis Blues zone.
11:48 of 3rd period - Snap shot by Ivan Barbashev.
11:48 of 3rd period - Deflect By Mattias Janmark.
11:48 of 3rd period - Shot Misses the Net.
11:48 of 3rd period - Puck is out of play.
11:49 of 3rd period - Brock Nelson wins face-off versus Brayden Point in St.Louis Blues zone.
11:58 of 3rd period - Snap shot by William Eklund.
11:58 of 3rd period - Deflect By Mark Stone.
11:58 of 3rd period - Stopped by Connor Hellebuyck with a rebound.
12:16 of 3rd period - Erik Cernak is hit by Robert Thomas and loses puck.
13:32 of 3rd period - Wrist shot by Ryan Nugent-Hopkins.
13:32 of 3rd period - Stopped by Connor Hellebuyck with a rebound.
13:48 of 3rd period - Snap shot by William Eklund.
13:48 of 3rd period - Shot Misses the Net.
13:50 of 3rd period - Slapshot by William Eklund.
13:50 of 3rd period - Shot Misses the Net.
13:58 of 3rd period - Wrist shot by Jonathan Marchessault.
13:58 of 3rd period - Stopped by Connor Hellebuyck with a rebound.
14:00 of 3rd period - Wrist shot by William Eklund.
14:00 of 3rd period - Shot Blocked by Jaccob Slavin.
14:10 of 3rd period - Snap shot by William Karlsson.
14:10 of 3rd period - Stopped by Connor Hellebuyck with a rebound.
14:12 of 3rd period - Snap shot by Ivan Barbashev.
14:12 of 3rd period - Shot Blocked by Jaccob Slavin.
14:18 of 3rd period - Wrist shot by Ivan Barbashev.
14:18 of 3rd period - Shot Misses the Net.
14:20 of 3rd period - Slapshot by Neal Pionk.
14:20 of 3rd period - Stopped by Connor Hellebuyck with a rebound.
14:44 of 3rd period - Snap shot by Elias Pettersson.
14:44 of 3rd period - Stopped by Charlie Lindgren with a rebound.
15:02 of 3rd period - Snap shot by Isac Lundestrom.
15:02 of 3rd period - Stopped by Charlie Lindgren without a rebound.
15:03 of 3rd period - Brayden Point wins face-off versus Brock Nelson in Minnesota North Stars zone.
15:21 of 3rd period - Minor Penalty to Rasmus Dahlin for Goalie Interference.
15:22 of 3rd period - Ryan Nugent-Hopkins wins face-off versus Robert Thomas in Minnesota North Stars zone.
17:21 of 3rd period - Penalty to Rasmus Dahlin is over, Rasmus Dahlin is back on ice.
17:24 of 3rd period - Erik Cernak is hit by Logan O'Connor and loses puck.
17:30 of 3rd period - Icing by Jonathan Marchessault.
17:31 of 3rd period - Brayden Point wins face-off versus Jonathan Marchessault in Minnesota North Stars zone.
17:48 of 3rd period - Snap shot by Frank Vatrano.
17:48 of 3rd period - Deflect By Jack Eichel.
17:48 of 3rd period - Shot Misses the Net.
17:48 of 3rd period - Puck is out of play.
17:49 of 3rd period - Robert Thomas wins face-off versus Brock Nelson in St.Louis Blues zone.
17:56 of 3rd period - Wrist shot by William Eklund.
17:56 of 3rd period - Stopped by Connor Hellebuyck without a rebound.
17:57 of 3rd period - Brock Nelson wins face-off versus Elias Pettersson in St.Louis Blues zone.
Goals for this period are 2 for St.Louis Blues vs 1 for Minnesota North Stars.
Shots for this period are 9 for St.Louis Blues vs 15 for Minnesota North Stars.